ad, lawful female dwarven Valkyrie ------------- --------------------------- ----------------- ............| |.........|.......|.......| |.............|.| |.|.-----.-.-----.---...|.|.|.-----.|.---.--- |.-----------.|.| |.|.|...|.........|....%|.|.|.|.....|...|...| |...*.|.....|...| |.|.|.|.-----...---.---.---.|.|.-----.|.|*-.| ---.---.|.-------.| |.....|.........|...| |....!|.......[.|.|...| |...|.|.|.|.....|.| |--.--|--.......|.--- |----.|---------|.|.----- |.---.|.|.|.....-.| |*... |............ |...|.|....*...*|.|.....| |.....|.|.|**..*|.| |.....|.|.---...*.. |.|.--|.........|.|----.-------.|.|.-------.| |..{.%|.|.|.|...*.. |.|...-....I^...-.|...|...........|.....|...| |.^.)*|.|.|.|...-. ---.|---|.........|.|.--|.-----------.-----.--| .^...|.|.|..... |...|...|.......*.|...| |.^...|.......|.....|.| ---.---.|.---... |.|.|.|.-----------------...|.|.---.---.-----.| ....|...|....... |.|...|...|...|.......|.....|.|.| |.....| |...| |*|.|.---.-.---- |.---.|.|.|.|.|.-----.---...|.--| ---.-.---.--- |.|...|.....| |...| |.|...|.......|...|...|...| |.......| |.---.|.-.--- |...---.|.--|.-----...{.|[|.---.| --------- |.........| |.......|.| |.........*...|.....| ----------- ----------- --------------------- ad the Fighter Experience level: 7 Strength: 18 Dexterity: 13 Constitution: 19 Intelligence: 8 Wisdom: 8 Charisma: 7 Health: 0(76) Energy: 2(2) Def: 9 Gold: 493 Moves: 4308 Dungeon seed: 6OBN9GJfyctt5EQk Game ID: ad_1478776295 Your Inventory: Coins $ - 493 gold pieces Weapons a - the blessed rustproof +1 Excalibur (weapon in hand) b - a +0 dagger (in quiver) A - 14 cursed +0 darts G - a +0 glaive Armor e - an uncursed +3 small shield (being worn) n - an uncursed +0 elven mithril-coat (being worn) Comestibles D - an uncursed food ration Scrolls x - a cursed scroll of identify H - an uncursed scroll of create monster Spellbooks k - a blessed spellbook of extra healing v - an uncursed spellbook of polymorph y - an uncursed spellbook of detect treasure K - an uncursed spellbook of detect food Potions o - an uncursed potion of paralysis r - an uncursed potion of speed t - an uncursed potion of fruit juice C - an uncursed potion of blindness I - a blessed potion of see invisible Wands q - a wand of light (0:14) F - a wand of striking (0:5) Tools s - an uncursed bell Gems z - 3 uncursed worthless pieces of orange glass N - an uncursed worthless piece of white glass Spells and supernatural/magical abilities: Name Level Category Fail Memory x - extra healing 3 healing 100% 82% W - pray for help -- divine ? -- Your skills at the end: Fighting Skills Weapon Skills dagger [Basic] long sword [Basic] Spellcasting Skills Final Attributes: You were piously aligned. You were cold resistant. You were level-drain resistant. You were blinded. You had automatic searching. You had infravision. You were stealthy. You aggravated monsters. You were fast. You are dead. Vanquished creatures: a warg a small mimic an ettin mummy a flaming sphere a human mummy a gnome king a werewolf a chickatrice a dwarf lord a plains centaur a human zombie a fire ant a rock mole a violet fungus a gnome lord a kobold mummy 2 kittens a dwarf 2 homunculi 2 kobold shamans 4 hill orcs 7 rothes 2 orc zombies a werejackal an iguana a gas spore 2 large kobolds 2 giant rats a yellow mold 2 green molds 9 gnomes a gnome zombie 3 geckos 9 jackals 2 kobolds 3 goblins 4 sewer rats 6 grid bugs 2 bats 4 lichens 4 kobold zombies a newt 94 creatures vanquished. Genocided species: mind flayers 1 species genocided. Voluntary challenges: You were an atheist. You used a wielded weapon 120 times, starting on turn 3. You read items or engraved 104 times, starting on turn 512. You genocided 1 type of monster, starting on turn 1372. You never polymorphed an object. You never changed form. You used no wishes. You never split a pudding. You wrote Elbereth's name 82 times, starting on turn 2652. You violated your moral code, losing 40 points of alignment, starting on turn 3680. Dungeon overview: The Dungeons of Doom: levels 1 to 4 Level 1 a fountain a long staircase Level 2 Level 3 a fountain stairs to The Gnomish Mines Level 4 an armor shop The Gnomish Mines: levels 4 to 11 Level 4 stairs to The Dungeons of Doom Level 7 Level 8 Level 10 Level 11 <- You were here some fountains History has recorded: On T:1 you entered the Dungeons of Doom to retrieve the Amulet of Yendor! On T:426 you reached level 2 of The Dungeons of Doom. On T:561 you advanced to experience level 2. On T:817 you advanced to experience level 3. On T:998 you reached level 3 of The Dungeons of Doom. On T:1399 you advanced to experience level 4. On T:1771 you reached level 4 of The Dungeons of Doom. On T:2163 you advanced to experience level 5. On T:2304 you reached level 1 of The Gnomish Mines. On T:2523 you reached level 4 of The Gnomish Mines. On T:2600 you reached level 5 of The Gnomish Mines. On T:2648 you reached level 8 of The Gnomish Mines. On T:3165 you advanced to experience level 6. On T:3784 you reached level 7 of The Gnomish Mines. On T:3816 you advanced to experience level 7. Score breakdown: Gold: 493 ( 9163 points) Experience: 7 levels (13645 points) Exploration: 11 levels ( 21.15%) (13284 points) Discoveries: 6 items ( 2.44%) ( 4685 points) Valuables value: (no points given unless you survive) Artifact value: 4000 (12253 points) Variety of kills: 42 monsters ( 11.02%) ( 9960 points) Turncount: 4308 turns (-1134 points) Survival: died (score multiplied by 80%) Total score: 49484 Latest messages: You see here a white gem. You see here an orange gem. z - an orange gem. A cloud of darkness falls upon you. It bites! (4x) It misses. It bites! It misses. It bites! (4x) It misses. It bites! (9x) It misses. It bites! (8x) You're on fire! Your scroll of teleportation catches fire and burns! Your scroll labeled THARR catches fire and burns! Your scroll labeled DAIYEN FOOELS catches fire and burns! Your scroll labeled KERNOD WEL catches fire and burns! It bites! (5x) You die... Final status: Farvel ad the Valkyrie, killed by a fire ant, while frozen by a spellbook... You died in The Gnomish Mines on dungeon level 11 with 49484 points, and 493 pieces of gold, after 4308 moves. You were level 7 with a maximum of 76 hit points when you died.